 Dungeon Crawl Stone Soup version 0.23.0 (webtiles) character file.

Game seed: 9420037107918465268

9 tidbits the Charmwright (level 2, -2/26 HPs)
             Began as a Gnoll Skald on Feb 14, 2019.
             Slain by Sigmund
             ... wielding a cursed -1 scythe
              (7 damage)
             ... on level 2 of the Dungeon.
             The game lasted 00:01:52 (198 turns).

tidbits the Charmwright (Gnoll Skald)                Turns: 198, Time: 00:01:53

Health: -2/26      AC:  4    Str: 13    XL:     2   Next: 16%
Magic:  1/7        EV: 14    Int: 15    God:
Gold:   15         SH:  0    Dex: 14    Spells: 5/10 levels left

rFire    . . .     SeeInvis .   a - +0 spear
rCold    . . .     Gourm    .   (no shield)
rNeg     . . .     Faith    .   b - +0 leather armour
rPois    .         Spirit   .   (no helmet)
rElec    .         Reflect  .   (no cloak)
rCorr    .         Harm     .   G - +0 pair of gloves
MR       .....                  (no boots)
Stlth    +.........             (no amulet)
HPRegen  0.08/turn              (no ring)
MPRegen  0.10/turn              (no ring)

@: infused, flying
A: distributed training, fangs 1, strong nose
a: no special abilities


You were on level 2 of the Dungeon.
You were not hungry.

You visited 1 branch of the dungeon, and saw 2 of its levels.

You collected 15 gold pieces.

Inventory:

Hand Weapons
 a - a +0 spear (weapon)
Armour
 b - a +0 leather armour (worn)
 e - a +0 buckler
 G - a +0 pair of gloves (worn)
Scrolls
 c - a scroll of enchant weapon {unknown}
 f - 2 scrolls of identify {unknown}
 h - a scroll of amnesia {unknown}
Comestibles
 d - a ration


   Skills:
 + Level 4.4 Fighting
 + Level 0.3 Short Blades
 + Level 0.3 Long Blades
 + Level 0.3 Axes
 + Level 0.3 Maces & Flails
 + Level 4.4 Polearms
 + Level 0.3 Staves
 + Level 0.3 Slings
 + Level 0.3 Bows
 + Level 0.3 Crossbows
 + Level 0.3 Throwing
 + Level 2.4 Armour
 + Level 4.4 Dodging
 + Level 0.3 Stealth
 + Level 0.3 Shields
 + Level 0.3 Unarmed Combat
 + Level 4.9 Spellcasting
 + Level 0.2 Conjurations
 + Level 0.2 Hexes
 + Level 5.3 Charms
 + Level 0.2 Summonings
 + Level 0.2 Necromancy
 + Level 0.2 Translocations
 + Level 0.2 Transmutations
 + Level 0.2 Fire Magic
 + Level 0.2 Ice Magic
 + Level 0.2 Air Magic
 + Level 0.2 Earth Magic
 + Level 0.2 Poison Magic
 + Level 0.4 Invocations
 + Level 0.3 Evocations


You had 5 spell levels left.
You knew the following spells:

 Your Spells              Type           Power        Failure   Level  Hunger
g - Shroud of Golubria    Chrm/Tloc      ##........   10%         2    ##.....
i - Infusion              Chrm           ###.         2%          1    None
y - Song of Slaying       Chrm           ###.....     3%          2    ##.....

Your spell library contained the following spells:

 Spells                   Type           Power        Failure   Level  Hunger
 Regeneration             Chrm/Necr      ##........   21%         3    ###....
 Spectral Weapon          Hex/Chrm       ##......     21%         3    ###....


Dungeon Overview and Level Annotations

Branches:
Dungeon (2/15)

Altars:
Xom

Annotations:
D:2 Natasha, Sigmund


Innate Abilities, Weirdness & Mutations

Your experience applies equally to all skills.
You have very sharp teeth.
Your uncanny sense of smell can sniff out nearby items.


Message History

h - a pair of gloves Wear which item? (? for menu, Esc to quit)
You start putting on your armour.
You continue putting on your pair of gloves. x4
You finish putting on your +0 pair of gloves.
Adjust (i)tems, (s)pells, or (a)bilities?
Adjust which item? (? for menu, Esc to quit)
h - a +0 pair of gloves (worn)
Adjust to which letter? (? for menu, Esc to quit)
G - a +0 pair of gloves (worn)
Unknown command.
Unknown command.
Found a scroll labeled NAFYHA FIEH and a scroll labeled JAYXUPT LUZYU.
Found an escape hatch in the ceiling.
Unknown command.
You see here a scroll labeled NAFYHA FIEH.
h - a scroll labeled NAFYHA FIEH You see here a scroll labeled JAYXUPT LUZYU.
f - 2 scrolls labeled JAYXUPT LUZYU (gained 1) Unknown command.
Found 15 gold pieces.
Unknown command.
Unknown command.
Unknown command.
Found 13 sling bullets.
Found a club.
A giant cockroach comes into view.
Sigmund the Dreaded comes into view.
He is wielding a -1 scythe.
Unknown command.
Unknown command.
Sigmund shouts!
Unknown command.
Casting: Infusion (safe; 2% risk of failure)
Confirm with . or Enter, or press ? or * to list all spells.
You begin infusing your attacks with magical energy.
Casting: Infusion (safe; 2% risk of failure)
Confirm with . or Enter, or press ? or * to list all spells.
Space distorts slightly along a thin shroud covering your body.
Unknown command.
You hit the giant cockroach.
The giant cockroach is severely wounded.
The giant cockroach barely misses you.
You closely miss the giant cockroach.
The giant cockroach is severely wounded.
Your shroud bends the giant cockroach's attack away.
You hit the giant cockroach.
You kill the giant cockroach!
You hit Sigmund.
Sigmund is lightly wounded.
Your shroud bends Sigmund's attack away!
You closely miss Sigmund.
Sigmund is lightly wounded.
Sigmund gestures at you while chanting. You resist with significant effort.
You closely miss Sigmund.
Sigmund is lightly wounded.
You hit Sigmund.
Sigmund is moderately wounded.
Sigmund hits you with a cursed -1 scythe!
You completely miss Sigmund.
Sigmund is moderately wounded.
Sigmund barely misses you.
You barely miss Sigmund.
Sigmund is moderately wounded.
You barely miss Sigmund.
Sigmund is moderately wounded.
Sigmund casts a spell at you.
You are confused.
It was a potion of flight.
You feel very buoyant.
You fly up into the air.
Sigmund closely misses you.
You barely miss Sigmund.
Sigmund is moderately wounded.
You bump into the rock wall.
Sigmund misses you.
Sigmund hits you with a cursed -1 scythe!
* * * LOW HITPOINT WARNING * * *
You hit Sigmund.
Sigmund is heavily wounded.
Unknown command.
Your shroud begins to fray at the edges.
Sigmund casts a spell at you. The puff of flame misses you.
Unknown command.
You hit Sigmund but do no damage.
Sigmund is heavily wounded.
Sigmund completely misses you.
You bump into the rock wall.
You feel less confused. Sigmund closely misses you.
Unknown command.
You aren't carrying any potions.
Unknown command.
Unknown command.
Unknown command.
You barely miss Sigmund.
Sigmund is heavily wounded.
You closely miss Sigmund.
Sigmund is heavily wounded.
Sigmund hits you with a cursed -1 scythe!
You die...

# ....#.#.......... #
#..#.#....)..... #####
#..#.#.......... ....#
#....#..........
....###....#.......... ∆
...........#..........
......................
...............@#######.
.#............#.@.......
.#........#.############
##........#.##..
##........#.....#### .#
#........#..#.....##...##
#........####....<.......
#.....#### ##...########
#####.# #...# #.# #...#


You could see Sigmund.

Vanquished Creatures
  A giant cockroach (D:2)
  2 goblins (D:1)
  3 jackals (D:1)
  A kobold (D:1)
  A rat (D:1)
8 creatures vanquished.

Notes
Turn   | Place    | Note
-------+----------+-------------------------------------------
     0 | D:1      | tidbits the Gnoll Skald began the quest for the Orb.
     0 | D:1      | Reached XP level 1. HP: 20/20 MP: 6/6
    32 | D:2      | Found a shimmering altar of Xom.
    32 | D:2      | Noticed Natasha
    44 | D:1      | Reached XP level 2. HP: 21/26 MP: 2/7
    51 | D:1      | Learned a level 2 spell: Song of Slaying
    54 | D:1      | Learned a level 2 spell: Shroud of Golubria
   171 | D:2      | Noticed Sigmund
   192 | D:2      | HP: 5/26 [Sigmund/cursed -1 scythe (12)]
   198 | D:2      | Slain by Sigmund

Action                   || total
-------------------------++-------
Melee: Spear             ||    30
       Bite              ||     2
       Punch             ||     1
 Cast: Infusion          ||     2
       Shroud of Golubri ||     1
  Use: Potion            ||     1
Armor: Leather armour    ||     1
Dodge: Dodged            ||    11

Table legend:
 A = Turns spent in this place as a percentage of turns spent in the entire game.
 B = Non-inter-level travel turns spent in this place as a percentage of non-inter-level travel turns spent in the entire game.
 C = Inter-level travel turns spent in this place as a percentage of turns spent in this place.
 D = Turns resting spent in this place as a percentage of non-inter-level travel turns spent in this place.
 E = Turns spent auto-exploring this place as a percentage of non-inter-level travel turns spent in this place.
 F = Non-inter-level travel turns spent in this place divided by the number of levels of this place that you've seen.
                   A       B       C       D       E      F
               +-------+-------+-------+-------+-------+----------------------
         Total | 100.0 | 100.0 |   0.0 |   0.0 |   0.0 |  99.0
       Dungeon | 100.0 | 100.0 |   0.0 |   0.0 |   0.0 |  99.0
               +-------+-------+-------+-------+-------+----------------------

Table legend:
 A = Kills in this place as a percentage of kills in entire the game.
 B = Kills by you in this place as a percentage of kills by you in the entire game.
 C = Kills by friends in this place as a percentage of kills by friends in the entire game.
 D = Other kills in this place as a percentage of other kills in the entire game.
 E = Experience gained in this place as a percentage of experience gained in the entire game.
 F = Experience gained in this place divided by the number of levels of this place that you have seen.
                   A       B       C       D       E      F
               +-------+-------+-------+-------+-------+----------------------
         Total | 100.0 | 100.0 |   N/A |   N/A | 100.0 |   7.0
       Dungeon | 100.0 | 100.0 |   N/A |   N/A | 100.0 |   7.0
               +-------+-------+-------+-------+-------+----------------------

Levels and vault maps discovered:
D:1:      dpeg_arrival_arbitrary_c, layout_loops_ring, minivault_11
D:2:      layout_rooms, serial_co_window_serial, co_window_of_opportunity_a,
          co_window_paths_b, co_window_cross_1, co_window_of_opportunity_a,
          co_window_of_opportunity_a, co_window_corner_cb, co_window_broadway_a,
          co_window_corner_b, co_window_cross_4, co_window_broadway_c,
          co_window_unsneaky_path_b, co_window_of_opportunity_b,
          glass_columns_a, glass_columns_b, xom_teletrap_fun, uniq_terence,
          uniq_sigmund, uniq_natasha
